 Dungeon Crawl Stone Soup version 0.22-a0-117-g314b907 (webtiles) character file.

25 Kavrick the Skirmisher (level 2, 0/24 HPs)
             Began as a Demonspawn Fighter on Jan 29, 2018.
             Slain by a hobgoblin
             ... wielding a +0 club
              (3 damage)
             ... on level 2 of the Dungeon.
             The game lasted 00:01:56 (954 turns).

Kavrick the Skirmisher (Demonspawn Fighter)          Turns: 954, Time: 00:01:57

Health: 0/24       AC:  6    Str: 16    XL:     2   Next: 82%
Magic:  2/2        EV:  6    Int:  9    God:
Gold:   50         SH:  8    Dex: 12    Spells: 1/1 levels left

rFire    . . .     SeeInvis .   a - +0 long sword
rCold    . . .     Gourm    .   c - +0 shield
rNeg     . . .     Faith    .   b - +0 scale mail
rPois    .         Spirit   .   (no helmet)
rElec    .         Reflect  .   (no cloak)
rCorr    .         Harm     .   (no gloves)
MR       .....                  (no boots)
Stlth    ..........             (no amulet)
HPRegen  0.08/turn              (no ring)
MPRegen  0.08/turn              (no ring)

@: no status effects
A: claws 1
a: no special abilities


You were on level 2 of the Dungeon.
You were hungry.

You visited 1 branch of the dungeon, and saw 2 of its levels.

You collected 50 gold pieces.

Inventory:

Hand Weapons
 a - a +0 long sword (weapon)
Armour
 b - a +0 scale mail (worn)
 c - a +0 shield (worn)
Scrolls
 e - a scroll of enchant armour {unknown}
 g - 2 scrolls of identify {unknown}
 j - a scroll of immolation {unknown}
 k - a scroll of remove curse {unknown}
 l - a scroll of blinking {unknown}
 n - a scroll of teleportation {unknown}
Potions
 d - 2 potions of might
 i - a potion of degeneration {unknown}
 m - a potion of heal wounds {unknown}
 o - a potion of magic {unknown}
 p - a potion of mutation {unknown}
Comestibles
 f - 3 rations
 h - a chunk of flesh


   Skills:
 + Level 3.2 Fighting
 * Level 2.3 Long Blades
 + Level 2.9 Armour
 + Level 2.9 Shields


You had one spell level left.
You didn't know any spells.

Dungeon Overview and Level Annotations

Branches:
Dungeon (2/15)

Altars:


Innate Abilities, Weirdness & Mutations

You have sharp fingernails.


Message History

The hobgoblin barely misses you.
The hobgoblin hits you from afar with a spear.
* * * LOW HITPOINT WARNING * * *
You barely miss the hobgoblin.
The hobgoblin is heavily wounded.
The hobgoblin hits you from afar with a spear.
* * * LOW HITPOINT WARNING * * *
You block the hobgoblin's attack.
You are feeling hungry.
You barely miss the hobgoblin.
The hobgoblin is heavily wounded.
The hobgoblin barely misses you.
The hobgoblin hits you but does no damage.
The hobgoblin hits you from afar with a spear.
* * * LOW HITPOINT WARNING * * *
You barely miss the hobgoblin.
The hobgoblin is heavily wounded.
The hobgoblin hits you but does no damage.
You block the hobgoblin's attack. The hobgoblin hits you with a club.
You die...

##. .......
#..... #.?..
... . ####.#
..#
#@##.####...#
#g#.g<......#
#.g÷(#.#.....
#........#.##
####†#...#
#........
###...##.
...# . ...#


You could see 2 hobgoblins.

Vanquished Creatures
  4 bats (D:1)
  2 giant cockroaches (D:2)
  A goblin (D:1)
  A hobgoblin (D:1)
  4 jackals
  6 kobolds
  5 frilled lizards
  A rat (D:1)
  A plant (D:1)
25 creatures vanquished.

Notes
Turn   | Place    | Note
-------+----------+-------------------------------------------
     0 | D:1      | Kavrick the Demonspawn Fighter began the quest for the Orb.
     0 | D:1      | Reached XP level 1. HP: 18/18 MP: 1/1
   538 | D:1      | Gained mutation: You have sharp fingernails. [demonic ancestry]
   538 | D:1      | Reached XP level 2. HP: 23/24 MP: 2/2
   954 | D:2      | Slain by a hobgoblin

Vault maps used:
D:1:      dpeg_arrival_water_fire, st_stairs_1
D:2:      minmay_tromino_i4

Skill      XL: |  1 |
---------------+----+-----
Long Blades    | 2 |  2.3
Fighting       | |  3.2
Armour         | |  2.9
Shields        | |  2.9

Action                   || total
-------------------------++-------
Melee: Long sword        ||   121
Armor: Scale mail        ||    58
Dodge: Dodged            ||    36
Block: Shield            ||    55
       Rpst.: Long sword ||    15

Table legend:
 A = Spawn XP
 B = Non-spawn XP
 C = Spawn XP percentage of total XP
 D = Spawn monster count
 E = Non-spawn monster count
 F = Spawn count percentage of total count
 G = Total turns spent on level
                    A         B        C        D         E        F      G
               +---------+---------+-------+---------+---------+-------+---------
         Total |       0 |      36 |   0.0 |       0 |      24 |   0.0 |   954
               +---------+---------+-------+---------+---------+-------+---------
           D:1 |       0 |      23 |   0.0 |       0 |      16 |   0.0 |   914
           D:2 |       0 |      13 |   0.0 |       0 |       8 |   0.0 |    40
               +---------+---------+-------+---------+---------+-------+---------
